 Dungeon Crawl Stone Soup version 0.21.0-25-ge575cb9ce8 (webtiles) character file.

55 Andry07 the Skirmisher (level 3, -2/26 HPs)
             Began as a Gargoyle Fighter on Jan 23, 2018.
             Slain by Crazy Yiuf
             ... wielding a +4 quarterstaff of chaos
              (4 damage)
             ... on level 2 of the Dungeon.
             The game lasted 00:01:23 (1373 turns).

Andry07 the Skirmisher (Gargoyle Fighter)           Turns: 1373, Time: 00:01:24

Health: -2/26      AC: 10    Str: 20    XL:     3   Next: 93%
Magic:  3/3        EV:  7    Int:  8    God:
Gold:   22         SH:  9    Dex:  9    Spells: 2/2 levels left

rFire    . . .     SeeInvis .   a - +0 flail
rCold    . . .     Gourm    .   c - +0 shield
rNeg     + . .     Faith    .   b - +0 scale mail
rPois    ∞         Spirit   .   (no helmet)
rElec    +         Reflect  .   (no cloak)
rCorr    .         Harm     .   (no gloves)
MR       .....                  (no boots)
Stlth    ..........             (no amulet)
HPRegen  0.08/turn              (no ring)
MPRegen  0.08/turn              (no ring)

@: very slightly contaminated, slowed, invisible, very slow
A: negative energy resistance 1, electricity resistance, unbreathing,
petrification resistance, rot immunity, AC +3
a: no special abilities


You were on level 2 of the Dungeon.
You were hungry.

You visited 1 branch of the dungeon, and saw 2 of its levels.

You collected 22 gold pieces.

Inventory:

Hand Weapons
 a - a +0 flail (weapon)
Armour
 b - a +0 scale mail (worn)
 c - a +0 shield (worn)
Jewellery
 h - a +2 ring of evasion {unknown}
Scrolls
 e - 6 scrolls of identify {unknown}
 k - a scroll of immolation {unknown}
 l - a scroll of amnesia {unknown}
 m - a scroll of random uselessness {unknown}
 n - 2 scrolls of remove curse {unknown}
Potions
 d - a potion of might
 g - a potion of invisibility {unknown}
 i - a potion of curing {unknown}
 j - a potion of flight {unknown}
Comestibles
 f - 2 rations


   Skills:
 + Level 5.2 Fighting
 - Level 2.0 Maces & Flails
 - Level 3.2 Armour
 - Level 3.2 Shields


You had 2 spell levels left.
You didn't know any spells.

Dungeon Overview and Level Annotations

Branches:
Dungeon (2/15)

Altars:

Annotations:
D:2 Crazy Yiuf


Innate Abilities, Weirdness & Mutations

You are resistant to torment.
Your stone body is resilient. (AC +3)
You are immune to poison.
You resist negative energy. (rN+)
You are resistant to electric shocks. (rElec)
You can survive without breathing.
You are immune to petrification.
You are immune to rotting.


Message History

Crazy Yiuf burns you.
* * * LOW HITPOINT WARNING * * *
Crazy Yiuf hits you but does no damage.
You fade into invisibility!
You are very lightly contaminated with residual magic.
You closely miss Crazy Yiuf.
Crazy Yiuf is heavily wounded.
Crazy Yiuf cries, "Cake blue horse!"
Crazy Yiuf closely misses you.
You barely miss Crazy Yiuf.
Crazy Yiuf is heavily wounded.
Crazy Yiuf yells, "Prologue snockshim bush!"
Crazy Yiuf hits you with a quarterstaff of chaos.
* * * LOW HITPOINT WARNING * * *
You feel yourself slow down.
You barely miss Crazy Yiuf.
Crazy Yiuf is heavily wounded.
You block Crazy Yiuf's attack.
Crazy Yiuf hits you with a quarterstaff of chaos.
You die...

#...# #.#
####. #...#
#.# #. #...#
### #. ##)##
#. ##.#
#####
#########.
#..# ######
#)..#
###.........
#.#####....#
#...#
#...########
......#.####
#.g.# #####
#####.#.####
#@# #.....<#
♣.♣♣
#.#.##.#
♣♣.♣
#.#.†..#
♣.♣♣
#.####.#
♣♣.♣ #.# #.#
♣♣.♣♣
#####.# #.#
♣♣...♣
......# #.#
♣....♣
......# #.#
#....#


You could see Crazy Yiuf.

Vanquished Creatures
  An adder (D:2)
  2 dart slugs (D:2)
  2 leopard geckos
  A ball python (D:2)
  4 goblins
  4 hobgoblins (D:2)
  3 jackals (D:2)
  6 bats
  A frilled lizard (D:1)
  6 kobolds
  10 rats
40 creatures vanquished.

Notes
Turn   | Place    | Note
-------+----------+-------------------------------------------
     0 | D:1      | Andry07 the Gargoyle Fighter began the quest for the Orb.
     0 | D:1      | Reached XP level 1. HP: 14/14 MP: 1/1
   160 | D:1      | Reached XP level 2. HP: 12/20 MP: 2/2
   213 | D:1      | Reached skill level 4 in Fighting
   702 | D:2      | Reached XP level 3. HP: 24/24 MP: 3/3
   840 | D:2      | Reached skill level 5 in Fighting
   971 | D:2      | Found a runed door.
  1363 | D:2      | Noticed Crazy Yiuf
  1373 | D:2      | Slain by Crazy Yiuf

Skill      XL: |  1  2  3 |
---------------+----------+-----
Fighting       | 4 5 |  5.2
Maces & Flails | |  2.0
Armour         | |  3.2
Shields        | |  3.2

Action                   || total
-------------------------++-------
Melee: Flail             ||   145
  Eat: Chunk             ||     1
Armor: Scale mail        ||   122
Dodge: Dodged            ||    59
Block: Shield            ||   109
